 Dungeon Crawl Stone Soup version 0.31-a0-819-gf6de2f5ab6 (webtiles) character file.

Game seed: 7487639633176533918

6 demibob the Poker (level 1, -10/18 HPs)
             Began as a Merfolk Chaos Knight on Sept 24, 2023.
             Was a Plaything of Xom.
             Mangled by a shock serpent (glowing shapeshifter) (14 damage)
             ... on level 1 of the Dungeon.
             The game lasted 00:00:36 (151 turns).

demibob the Poker (Merfolk Chaos Knight)             Turns: 151, Time: 00:00:37

Health: -10/18     AC:  5    Str: 12    XL:     1   Next: 90%
Magic:  0/0        EV: 12    Int: 11    God:    Xom [..*...]
Gold:   11         SH:  0    Dex: 13    Spells: 0/0 levels left

rFire   . . .        a - +0 spear (chaos)
rCold   . . .        (no shield)
rNeg    . . .        b - +2 leather armour
rPois   .            (no helmet)
rElec   .            (no cloak)
rCorr   .            (no gloves)
SInv    .            (no boots)
Will    .....        (no amulet)
Stlth   +            (no ring)
HPRegen 0.23/turn    (no ring)
MPRegen 0.07/turn

%: no passive effects
@: mighty
A: (nimble swimmer 2), mertail, low MP 1
a: Renounce Religion


You were on level 1 of the Dungeon.
You worshipped Xom.
You were a toy of Xom.
You visited 1 branch of the dungeon, and saw 1 of its levels.

You collected 11 gold pieces.


Innate Abilities, Weirdness & Mutations

((You are very nimble when in or above water. (Stealth+, EV+, Speed+++)))
Your lower body shifts to a powerful aquatic tail in water.
Your magical capacity is low. (-10% MP)


   Skills:
 - Level 3.2 Fighting
 + Level 4.6 Polearms
 - Level 0.6 Armour
 - Level 2.6 Dodging


You couldn't memorise any spells.
You didn't know any spells.
Your spell library was empty.

Inventory:

Hand Weapons
 a - a +0 spear of chaos (weapon)
Armour
 b - a +2 leather armour (worn)
Scrolls
 c - a scroll of butterflies
Potions
 f - a potion of lignification {unknown}

Dungeon Overview and Level Annotations

Branches:
Dungeon (1/15)

Altars:

.#.........#
..........#
#.........#.
#...........
#.........#
#.........#.
+...........
#..@S.....#
#..########
#..# #..##
#...#
###.###
#...# ###.##
#..#


You could see a shock serpent shaped shifter.


Message History

You barely miss the swamp dragon.
The swamp dragon is lightly wounded.
You hit the swamp dragon but do no damage.
The swamp dragon is lightly wounded.
The swamp dragon barely misses you.
The swamp dragon claws you but does no damage.
The swamp dragon tramples you.
You stumble backwards!
Unknown command.
You hit the swamp dragon but do no damage.
The swamp dragon is lightly wounded.
The swamp dragon changes into a shining eye!
It was a potion of curing.
You feel better.
It was a potion of might.
You feel very mighty all of a sudden.
You puncture the shining eye! You burn the shining eye.
The shining eye is moderately wounded.
The shining eye gazes at you.
Strange energies course through your body.
You feel less energetic.
You hit the shining eye. You freeze the shining eye.
The shining eye is moderately wounded.
The shining eye changes into a shock serpent!
You barely miss the shock serpent. The shock serpent bites you!
Ouch! That really hurt!
* * * LOW HITPOINT WARNING * * *
Xom roars with laughter!
The shock serpent shocks you!
Ouch! That really hurt!
You die...
Xom giggles madly!

Action                     || total
---------------------------++-------
  Melee: Spear             ||    28
    Use: Potion            ||     2
   Stab: Paralysed         ||     2
 Armour: Leather armour    ||     5
  Dodge: Dodged            ||     3

Levels and vault maps discovered:
D:1:      tekkud_arrival_beachfront_property, layout_basic, serial_shops,
          nicolae_shop_tiny_statue_garden, minmay_fountain_box, st_stairs_13

Notes
Turn   | Place    | Note
-------+----------+-------------------------------------------
     0 | D:1      | demibob the Merfolk Chaos Knight began the quest for the
                  | Orb.
     0 | D:1      | Reached XP level 1. HP: 18/18 MP: 1/1
   132 | D:1      | an endoplasm changed into a glowing shapeshifter
   132 | D:1      | Noticed a glowing shapeshifter (glowing shapeshifter)
   132 | D:1      | a glowing shapeshifter changed into a merfolk
   132 | D:1      | Noticed a merfolk (glowing shapeshifter)
   133 | D:1      | a merfolk changed into a floating eye
   133 | D:1      | Noticed a floating eye (glowing shapeshifter)
   136 | D:1      | Paralysed by a floating eye for 3 turns
   139 | D:1      | a floating eye changed into a cyclops
   139 | D:1      | Noticed a cyclops (glowing shapeshifter)
   141 | D:1      | a cyclops changed into a deep troll
   141 | D:1      | Noticed a deep troll (glowing shapeshifter)
   143 | D:1      | a deep troll changed into a swamp dragon
   143 | D:1      | Noticed a swamp dragon (glowing shapeshifter)
   146 | D:1      | a swamp dragon changed into a shining eye
   146 | D:1      | Noticed a shining eye (glowing shapeshifter)
   149 | D:1      | Gained mutation: Your magical capacity is low. (-10% MP) [a
                  | shining eye]
   150 | D:1      | a shining eye changed into a shock serpent
   150 | D:1      | Noticed a shock serpent (glowing shapeshifter)
   151 | D:1      | Mangled by a shock serpent (glowing shapeshifter)

Vanquished Creatures
  An endoplasm (D:1)
  A kobold (D:1)
  A quokka (D:1)
  2 frilled lizards (D:1)
  A rat (D:1)
6 creatures vanquished.

Table legend: (Time is in decaauts)
 A = Elapsed time spent in this place.
 B = Non-inter-level travel time spent in this place.
 C = Inter-level travel time spent in this place.
 D = Time resting spent in this place.
 E = Time spent auto-exploring this place.
 F = Levels seen in this place.
 G = Mean time per level.
                   A        B        C        D        E       F      G
               +--------+--------+--------+--------+--------+-----+--------+
         Total |    147 |    147 |      0 |      0 |     96 |   1 |  147.0 |
       Dungeon |    147 |    147 |      0 |      0 |     96 |   1 |  147.0 |
               +--------+--------+--------+--------+--------+-----+--------+

Top non-repeatable levels by time:
     D:1: 147 daAuts

Table legend:
 A = Non-vault XP
 B = Vault XP
 C = Vault XP percentage of total XP
 D = Non-vault monster count
 E = Vault monster count
 F = Vault count percentage of total count
                 A         B        C        D         E       F
            +---------+---------+-------+---------+---------+-------
      Total |       9 |       0 |   0.0 |       6 |       0 |   0.0
            +---------+---------+-------+---------+---------+-------
        D:1 |       9 |       0 |   0.0 |       6 |       0 |   0.0
            +---------+---------+-------+---------+---------+-------
